 Dungeon Crawl Stone Soup version 0.20.1-1-g8b1a95d (webtiles) character file.

15 tidbits the Grave Robber (level 2, 0/20 HPs)
             Began as a Demigod Necromancer on Aug 22, 2017.
             Shot with a stone by a goblin (6 damage)
             ... on level 3 of the Dungeon.
             The game lasted 00:03:37 (317 turns).

tidbits the Grave Robber (Demigod Necromancer)       Turns: 317, Time: 00:03:38

Health: 0/20       AC:  1    Str: 11    XL:     2   Next: 21%
Magic:  6/7        EV: 12    Int: 19    God:
Gold:   37         SH:  0    Dex: 16    Spells: 3/4 levels left

rFire    . . .     SeeInvis .   k - +1 dagger (drain)
rCold    . . .     Gourm    .   (no shield)
rNeg     . . .     Faith    .   h - -2 robe (curse)
rPois    .         Spirit   .   (no helmet)
rElec    .         Reflect  .   (no cloak)
rCorr    .         Harm     .   (no gloves)
MR       .....                  F - +0 pair of boots
Stlth    ++........             (no amulet)
Regen    0.1/turn               (no ring)
MPRegen  0.1/turn               (no ring)

@: no status effects
A: high mp 1
a: no special abilities


You were on level 3 of the Dungeon.
You were not hungry.

You visited 1 branch of the dungeon, and saw 3 of its levels.

You collected 37 gold pieces.

Inventory:

Hand Weapons
 a - a +2 dagger of venom
   (You took it off a kobold on level 3 of the Dungeon)
 d - a +0 long sword
 j - a +0 blowgun
 k - a +1 dagger of draining (weapon)
   (You took it off a kobold on level 1 of the Dungeon)
Missiles
 g - 20 stones (quivered)
 i - 9 poisoned needles
Armour
 e - a +0 robe
 h - a cursed -2 robe (worn)
 F - a +0 pair of boots (worn)
Books
 b - a book of Necromancy

   Spells                             Type                      Level
   a - Pain                           Necromancy                   1
   b - Animate Skeleton               Necromancy                   1
   c - Vampiric Draining              Necromancy                   3
   d - Regeneration                   Charms/Necromancy            3
   e - Animate Dead                   Necromancy                   4
   f - Control Undead                 Necromancy                   4
Comestibles
 c - a bread ration
 f - a royal jelly


   Skills:
 - Level 1.7 Dodging
 - Level 1.7 Stealth
 - Level 1.7 Spellcasting
 + Level 4.2 Necromancy


You had 3 spell levels left.
You knew the following spells:

 Your Spells              Type           Power        Failure   Level  Hunger
z - Pain                  Necr           ###.         3%          1    #......


Dungeon Overview and Level Annotations

Branches:
Dungeon (3/15)

Annotations:
D:2 1 transporter


Innate Abilities, Weirdness & Mutations

You have an increased reservoir of magic. (+10% MP)


Message History

Press: ? - help, Shift-Dir - straight line, f - kobold
Aim: a kobold, wielding a dagger of venom (resting, chance to defeat MR: 87%)
The kobold shouts!
The kobold writhes in agony!
The kobold unwields an uncursed dagger of venom.
It stops dripping with poison.
The kobold wields a blowgun.
The kobold shoots a poisoned needle.
The poisoned needle hits you!
You are poisoned.
Casting: Pain
Confirm with . or Enter, or press ? or * to list all spells.
Aiming: Pain
Press: ? - help, Shift-Dir - straight line, f/p - kobold
Aim: a kobold, wielding a blowgun (heavily wounded, chance to defeat MR: 87%)
The kobold writhes in agony!
You feel sick.
Casting: Pain
Confirm with . or Enter, or press ? or * to list all spells.
Aiming: Pain
Press: ? - help, Shift-Dir - straight line, f/p - kobold
Aim: a kobold, wielding a blowgun (severely wounded, chance to defeat MR: 87%)
The kobold writhes in agony!
You kill the kobold!
You have reached level 2!
You feel sick.
A goblin comes into view. It is wielding a club.
The goblin moves out of view.
Casting: Pain
Confirm with . or Enter, or press ? or * to list all spells.
Aiming: Pain
Press: ? - help, Shift-Dir - straight line, f - rat
Aim: a rat (chance to defeat MR: 87%)
Okay, then.
A frilled lizard comes into view.
The frilled lizard hisses angrily.
You hit the rat but do no damage.
You feel sick. The rat bites you but does no damage.
A bat comes into view.
You feel sick. The rat completely misses you.
The frilled lizard hisses.
You feel sick.
You feel sick.
You barely miss the rat. The rat closely misses you.
You hit the rat. You drain the rat!
You kill the rat!
You hit the frilled lizard. You drain the frilled lizard!
You kill the frilled lizard!
You feel sick.
You closely miss the goblin. The goblin closely misses you.
You hit the goblin but do no damage. The goblin misses you.
You closely miss the goblin.
You feel sick.
You are no longer poisoned.
You barely miss the goblin. The goblin misses you.
You barely miss the goblin. The goblin barely misses you.
You barely miss the goblin. The goblin hits you but does no damage.
Casting: Pain
Confirm with . or Enter, or press ? or * to list all spells.
Aiming: Pain
Press: ? - help, Shift-Dir - straight line, f - goblin
Aim: a goblin, wielding a club (chance to defeat MR: 87%)
The goblin writhes in agony!
The goblin misses you.
You hit the goblin.
You kill the goblin!
Things that are here:
a club; a frilled lizard corpse; a rat corpse You see here a poisoned needle.
i - a poisoned needle
Found a robe.
i - 9 poisoned needles (gained 8)
Things that are here:
a blowgun; an uncursed dagger of venom
j - a blowgun;
k - an uncursed dagger of venom Wield which item (- for none, * to show all)? (? for menu, Esc to quit)
Your +2 dagger of venom begins to drip with poison!
k - a +2 dagger of venom (weapon)
Adjust (i)tems, (s)pells, or (a)bilities?
Adjust which item? (? for menu, Esc to quit)
k - a +2 dagger of venom (weapon)
Adjust to which letter? (? for menu, Esc to quit)
a - a +2 dagger of venom (weapon);
k - a +1 dagger of draining Wield which item (- for none, * to show all)? (? for menu, Esc to quit)
Your +2 dagger of venom stops dripping with poison.
You sense an unholy aura.
k - a +1 dagger of draining (weapon)
Found a white marble altar of Elyvilon.
A quokka comes into view.
A goblin comes into view. It is wielding a dagger.
The goblin shouts!
The goblin unwields an uncursed dagger.
The goblin wields a hunting sling.
The goblin shoots a stone.
The stone closely misses you.
Found a murky green potion.
You see here a stone.
Casting: Pain
Confirm with . or Enter, or press ? or * to list all spells.
Aiming: Pain
Press: ? - help, Shift-Dir - straight line, f - quokka
Aim: a quokka (chance to defeat MR: 87%)
The quokka writhes in agony!
You hit the quokka. You drain the quokka!
You kill the quokka!
The goblin shoots a stone.
The stone hits you.
You die...

####.####...
#...........
#[..........
#...........
#######...........
#.................
#.................
#................#
#..@.............#
.#######......#######.##
................# ..
.#.#.#(#.#.#.#.#
!.............#.#
....⌠.....⌠.... #
......._.........
#...⌠.g...⌠......
#................


You could see a goblin.

Vanquished Creatures
  A leopard gecko (D:1)
  A giant cockroach (D:3)
  2 goblins
  A quokka (D:3)
  A bat (D:2)
  2 frilled lizards (D:3)
  3 kobolds
  3 rats (D:3)
14 creatures vanquished.

Notes
Turn   | Place    | Note
-------+----------+-------------------------------------------
     0 | D:1      | tidbits the Demigod Necromancer began the quest for the Orb.
     0 | D:1      | Reached XP level 1. HP: 14/14 MP: 5/5
   152 | D:2      | Found a transporter.
   195 | D:3      | Reached skill level 4 in Necromancy
   259 | D:3      | Reached XP level 2. HP: 13/20 MP: 2/7
   308 | D:3      | Found a white marble altar of Elyvilon.
   317 | D:3      | Shot with a stone by a goblin

Skill      XL: |  1 |
---------------+----+-----
Necromancy     | 4 |  4.2
Dodging        | |  1.7
Stealth        | |  1.7
Spellcasting   | |  1.7

Action                   || total
-------------------------++-------
Melee: Dagger            ||    19
 Cast: Pain              ||    14
  Use: Scroll            ||     1
 Stab: Sleeping          ||     1
Armor: Robe              ||     1
Dodge: Dodged            ||    10

Table legend:
 A = Turns spent in this place as a percentage of turns spent in the entire game.
 B = Non-inter-level travel turns spent in this place as a percentage of non-inter-level travel turns spent in the entire game.
 C = Inter-level travel turns spent in this place as a percentage of turns spent in this place.
 D = Turns resting spent in this place as a percentage of non-inter-level travel turns spent in this place.
 E = Turns spent auto-exploring this place as a percentage of non-inter-level travel turns spent in this place.
 F = Non-inter-level travel turns spent in this place divided by the number of levels of this place that you've seen.
                   A       B       C       D       E      F
               +-------+-------+-------+-------+-------+----------------------
         Total | 100.0 | 100.0 |   0.3 |   0.0 |   0.0 |  99.0
       Dungeon | 100.0 | 100.0 |   0.3 |   0.0 |   0.0 |  99.0
               +-------+-------+-------+-------+-------+----------------------

Table legend:
 A = Kills in this place as a percentage of kills in entire the game.
 B = Kills by you in this place as a percentage of kills by you in the entire game.
 C = Kills by friends in this place as a percentage of kills by friends in the entire game.
 D = Other kills in this place as a percentage of other kills in the entire game.
 E = Experience gained in this place as a percentage of experience gained in the entire game.
 F = Experience gained in this place divided by the number of levels of this place that you have seen.
                   A       B       C       D       E      F
               +-------+-------+-------+-------+-------+----------------------
         Total | 100.0 | 100.0 |  -nan |  -nan | 100.0 |   7.3
       Dungeon | 100.0 | 100.0 |  -nan |  -nan | 100.0 |   7.3
               +-------+-------+-------+-------+-------+----------------------

Vault maps used:
D:1:      shiori_arrival_elements
D:2:      kennysheep_the_goblin_king, gammafunk_temple_of_torment,
          eino_tiny_chamber
D:3:      elyvilon_altar_5, minmay_cupped
